 Dungeon Crawl Stone Soup version 0.29.0-4-gdea44cf6ec (webtiles) character file.

Game seed: 7101140319292937630

48 qw the Chopper (level 3, 0/21 HPs)
             Began as a Tengu Warper on Aug 28, 2022.
             Succumbed to an adder's poison
             ... on level 2 of the Dungeon.
             The game lasted 00:00:09 (2081 turns).

qw the Chopper (Tengu Warper)                       Turns: 2081, Time: 00:00:10

Health: 0/21       AC:  3    Str: 13    XL:     3   Next: 72%
Magic:  7/7        EV: 27    Int: 13    God:
Gold:   44         SH:  0    Dex: 13    Spells: 6/6 levels left

rFire   . . .      SeeInvis .   d - +2 hand axe (venom)
rCold   . . .      Faith    .   (no shield)
rNeg    . . .      Spirit   .   b - +0 leather armour
rPois   .          Reflect  .   (helmet restricted)
rElec   .          Harm     .   (no cloak)
rCorr   .          Rampage  .   (no gloves)
Will    .....                   (boots unavailable)
Stlth   +.........              j - amulet of the acrobat
HPRegen 0.07/turn               (no ring)
MPRegen 0.10/turn               (no ring)

@: lethally poisoned (0 -> -1), acrobatic
A: beak, talons 3
a: no special abilities


You were on level 2 of the Dungeon.
You visited 1 branch of the dungeon, and saw 2 of its levels.

You collected 44 gold pieces.


Innate Abilities, Weirdness & Mutations

You have a beak for a mouth.
You have claws for feet.


   Skills:
 - Level 2.0 Fighting
 + Level 4.3 Axes
 - Level 1.0 Throwing
 - Level 1.1 Armour
 - Level 2.1 Dodging
 - Level 2.0 Spellcasting
 - Level 2.4 Translocations


You had 6 spell levels left.
You didn't know any spells.
Your spell library contained the following spells:

 Spells                   Type           Power      Damage    Failure   Level
 Blink                    Tloc           14%        N/A       19%         2
 Gell's Gravitas          Tloc           7%         N/A       36%         3
 Lesser Beckoning         Tloc           7%         N/A       36%         3
 Teleport Other           Tloc           7%         N/A       36%         3
 Manifold Assault         Tloc           7%         N/A       98%         5

Inventory:

Hand Weapons
 d - a +2 hand axe of venom (weapon)
 g - a +0 whip
Armour
 b - a +0 leather armour (worn)
Jewellery
 j - an amulet of the acrobat (around neck)
Scrolls
 a - 2 scrolls of identify
Potions
 c - 2 potions of curing {unknown}
 e - a potion of might {unknown}
 i - a potion of heal wounds {unknown}

Dungeon Overview and Level Annotations

Branches:
Dungeon (2/15)

Altars:
Cheibriados


Message History

A rat comes into view.
You hit the rat.
You kill the rat!
An adder comes into view.
The adder hisses angrily.
Enter note: You miss the adder.
The adder bites you.
You hit the adder but do no damage.
The adder is poisoned.
Your kick misses the adder. The adder bites you but does no damage.
You barely miss the adder. Your kick misses the adder. The adder bites you. x2
You barely miss the adder. Your kick misses the adder. The adder bites you.
You are poisoned.
The adder poisons you!
You hit the adder.
The adder looks as sick as possible!
The adder is heavily wounded.
You feel sick. The adder bites you.
You are lethally poisoned!
The adder poisons you! The adder misses you.
You closely miss the adder. Your peck misses the adder.
The adder is severely wounded.
You feel sick.
You kill the adder!
There is a lethal amount of poison in your body!
You feel sick.
There is a lethal amount of poison in your body!
You feel sick.
There is a lethal amount of poison in your body!
You feel sick.
There is a lethal amount of poison in your body!
You feel sick.
There is a lethal amount of poison in your body!
You feel sick.
There is a lethal amount of poison in your body!
You feel sick.
There is a lethal amount of poison in your body!
You die...

...... .. ....
....>. . ...
...... .###..
...... ..#..
~~.... #...#
~~#... #...# #...
#%.# #.#.. #@~#
#.##~. #.~# . #~~.
#.~## ### #~~.
#.~~# ... #~~.
#.~~#####.#####~~.
#..~~~~~#.#~~~~~..
##.~~~~~#.#~~~~~.#
#..~~~~#.#~~~~..#
##..~~~#.#~~~..#.


There were no monsters in sight!

Vanquished Creatures
  2 adders (D:2)
  3 dart slugs
  A ball python (D:2)
  5 endoplasms
  2 giant cockroaches
  A goblin (D:2)
  2 hobgoblins (D:1)
  A quokka (D:1)
  2 bats
  3 frilled lizards
  A kobold (D:2)
  A rat (D:2)
24 creatures vanquished.

Notes
Turn   | Place    | Note
-------+----------+-------------------------------------------
     0 | D:1      | qw the Tengu Warper began the quest for the Orb.
     0 | D:1      | Reached XP level 1. HP: 12/12 MP: 4/4
     0 | D:1      | 0 ||| qw: Version: 0.1-a-89-g26bdef1
     0 | D:1      | 0 ||| qw: Game counter: 3167
     0 | D:1      | 0 ||| qw: Always use a shield: true
     0 | D:1      | 0 ||| qw: God list: Okawaru
     0 | D:1      | 0 ||| qw: Allow faded altars: false
     0 | D:1      | 0 ||| qw: Do Orc after D:15 true
     0 | D:1      | 0 ||| qw: Do second Lair branch before Depths: true
     0 | D:1      | 0 ||| qw: Lair rune preference: random
     0 | D:1      | 0 ||| qw: Plans: Normal
     0 | D:1      | 0 ||| PLANNING D:1-11
    63 | D:1      | 63 ||| Stepping ~*~*~tactically~*~*~ (stealth).
    98 | D:1      | Found a faded altar of an unknown god.
   599 | D:1      | 599 ||| Stepping ~*~*~tactically~*~*~ (hiding).
   701 | D:1      | 701 ||| Stepping ~*~*~tactically~*~*~ (hiding).
   803 | D:1      | 803 ||| Stepping ~*~*~tactically~*~*~ (hiding).
   905 | D:1      | 905 ||| Stepping ~*~*~tactically~*~*~ (hiding).
   913 | D:1      | Reached skill level 3 in Axes
   913 | D:1      | Reached XP level 2. HP: 17/17 MP: 6/6
  1271 | D:1      | 1271 ||| UPGRADING to amulet of the acrobat.
  1276 | D:1      | 1276 ||| READING scroll labelled BAMEGR VEMOI.
  1277 | D:1      | 1277 ||| READING 2 scrolls labelled SIMPELU INADAO.
  1278 | D:1      | 1278 ||| READING scroll labelled NALANU NI PEG.
  1279 | D:1      | 1279 ||| READING scroll labelled XOODER WEWA.
  1280 | D:1      | 1280 ||| DROPPING scroll of blinking.
  1281 | D:1      | 1281 ||| DROPPING scroll of fog.
  1386 | D:2      | 1386 ||| Stepping ~*~*~tactically~*~*~ (hiding).
  1488 | D:2      | 1488 ||| FLEEEEING.
  1501 | D:2      | 1501 ||| FLEEEEING.
  1502 | D:2      | 1502 ||| FLEEEEING.
  1517 | D:2      | 1517 ||| FLEEEEING.
  1518 | D:2      | 1518 ||| FLEEEEING.
  1522 | D:2      | 1522 ||| STAIRDANCE
  1543 | D:1      | 1543 ||| READING scroll labelled IZXOKACICE.
  1625 | D:2      | 1625 ||| Stepping ~*~*~tactically~*~*~ (stealth).
  1627 | D:2      | 1627 ||| Stepping ~*~*~tactically~*~*~ (stealth).
  1629 | D:2      | 1629 ||| Stepping ~*~*~tactically~*~*~ (stealth).
  1632 | D:2      | 1632 ||| Stepping ~*~*~tactically~*~*~ (stealth).
  1634 | D:2      | 1634 ||| Stepping ~*~*~tactically~*~*~ (stealth).
  1636 | D:2      | 1636 ||| Stepping ~*~*~tactically~*~*~ (stealth).
  1650 | D:2      | Reached XP level 3. HP: 9/21 MP: 7/7
  1823 | D:2      | Found a snail-covered altar of Cheibriados.
  1895 | D:2      | 1895 ||| SWAPPING to +2 hand axe of venom.
  1896 | D:2      | 1896 ||| DROPPING +0 hand axe.
  1897 | D:2      | 1897 ||| Stepping ~*~*~tactically~*~*~ (stealth).
  1908 | D:2      | Reached skill level 4 in Axes
  2076 | D:2      | HP: 5/21 [poisoned by an adder]
  2079 | D:2      | HP: 2/21 [poisoned by an adder]
  2081 | D:2      | Succumbed to an adder's poison

Levels and vault maps discovered:
D:1:      roderic_dead_forest, layout_basic,
          hellmonk_ecumenical_altar_leap_of_faith, chequers_big_river
D:2:      layout_basic, basic_altar, grunt_decor_junction,
          minmay_stone_trees_small, minmay_tetromino_l2

Skill      XL: |  1  2  3 |
---------------+----------+-----
Axes           | 3 4 |  4.3
Fighting       | |  2.0
Throwing       | |  1.0
Armour         | |  1.1
Dodging        | |  2.1
Spellcasting   | |  2.0
Translocations | |  2.4

Action                   || total
-------------------------++-------
Melee: Hand axe          ||    57
       Kick              ||    10
       Peck              ||     9
Throw: Boomerang         ||     7
  Use: Scroll            ||     5
Armor: Leather armour    ||    12
Dodge: Dodged            ||    22

Table legend:
 A = Non-vault XP
 B = Vault XP
 C = Vault XP percentage of total XP
 D = Non-vault monster count
 E = Vault monster count
 F = Vault count percentage of total count
                 A         B        C        D         E       F
            +---------+---------+-------+---------+---------+-------
      Total |      69 |       0 |   0.0 |      24 |       0 |   0.0
            +---------+---------+-------+---------+---------+-------
        D:1 |      19 |       0 |   0.0 |      10 |       0 |   0.0
        D:2 |      50 |       0 |   0.0 |      14 |       0 |   0.0
            +---------+---------+-------+---------+---------+-------
